Maroons vs Blues

Created - 31 mars 2020 at 20:09

Goals
1 2 3 OT1 T
Maroons 2 0 1 1 4
Blues 1 0 2 0 3
Shots
1 2 3 OT1 T
Maroons 15 5 14 1 35
Blues 8 2 10 0 20

1st period

1. Blues , Jordan Schroeder 7 (Curtis Lazar 14) at 8:03 (PP)
2. Maroons , Pierre-Luc Dubois 22 (Charlie Coyle 16, Bryan Rust 18) at 14:47
3. Maroons , Bryan Rust 13 (Pierre-Luc Dubois 30) at 19:25

Penalties :
Carl Gunnarsson (MON) for Roughing (Double Minor) at 7:32

2nd period

No Goal

Penalties :
Adam Fox (STL) for Tripping (Minor) at 1:06, Esa Lindell (MON) for Spearing (Major / Game Misconduct) at 3:27, Buddy Robinson (MON) for Interference (Minor) at 14:44

3rd period

4. Blues , Denis Malgin 11 (Jeremy Bracco 13, Brendan Smith 11) at 0:48
5. Blues , Ryan Reaves 6 (Jordan Oesterle 13, Curtis Lazar 15) at 11:11
6. Maroons , Carl Gunnarsson 1 (Matthew Tkachuk 47, Bo Horvat 65) at 16:13 (PP)

Penalties :
Corey Perry (STL) for Tripping (Minor) at 7:28, Ryan Reaves (STL) for Holding (Minor) at 16:02

Overtime #1

7. Maroons , Bo Horvat 36 (Matthew Tkachuk 48) at 0:12

Penalties :
No Penalty

Goalie Stats

John Gibson (MON), 17 saves from 20 shots - (0,850), W, 29-23-7, 60:12 minutes
Jonathan Quick (STL), 31 saves from 35 shots - (0,886), OTL, 23-30-7, 60:12 minutes

Players Stats for Maroons

Player Name              G  A  P  +/- PIM S  H  SB GA TA FO     MP     PP MP  PK MP  
------------------------------------------------------------------------------------
Alexander Kerfoot        0  0  0  -1  0   1  1  0  2  0  0/0    12:04   0:00   1:41 
Bo Horvat                1  1  2   1  0   4  4  0  0  1  23/40  21:52   2:00   4:53 
Brendan Gallagher        0  0  0   0  0   2  1  0  2  0  2/3    20:41   2:00   2:54 
Brenden Dillon           0  0  0   0  0   0  2  2  0  2  0/0    22:56   1:51   3:00 
Bryan Rust               1  1  2   1  0   4  1  1  0  0  0/0    18:38   2:09   2:54 
Buddy Robinson           0  0  0   0  2   1  1  0  0  0  0/0     7:46   0:00   0:00 
Cal Clutterbuck          0  0  0  -1  0   0  1  0  0  0  0/0    10:03   0:00   0:00 
Carl Gunnarsson          1  0  1   0  4   2  0  0  0  1  0/0    19:23   1:26   2:27 
Charlie Coyle            0  1  1   1  0   1  2  0  0  0  1/1    15:35   2:09   0:00 
Esa Lindell              0  0  0   0  15  2  1  2  0  1  0/0    11:12   0:52   1:46 
Frederik Gauthier        0  0  0   0  0   0  0  0  0  0  0/0     0:00   0:00   0:00 
Jacob Trouba             0  0  0   0  0   2  4  0  1  0  0/0    27:09   2:18   5:19 
Jay Beagle               0  0  0   0  0   1  2  0  0  0  1/1     7:38   0:00   0:00 
Matthew Tkachuk          0  2  2   1  0   4  1  0  2  2  0/0    21:51   2:00   4:50 
Nick Ritchie             0  0  0   0  0   1  2  0  0  0  0/0     7:38   0:00   0:00 
Nick Schmaltz            0  0  0  -1  0   3  1  1  0  0  2/4    11:55   0:00   1:32 
Noah Juulsen             0  0  0   1  0   0  4  1  0  0  0/0    15:17   0:00   2:39 
Pierre-Luc Dubois        1  1  2   1  0   6  3  1  0  0  9/13   15:49   2:09   0:12 
Pontus Aberg             0  0  0   0  0   0  0  0  0  0  0/0     0:16   0:00   0:00 
Ryan McDonagh            0  0  0   0  0   1  2  1  0  1  0/0    23:22   1:51   3:45 

Players Stats for Blues

Player Name              G  A  P  +/- PIM S  H  SB GA TA FO     MP     PP MP  PK MP  
------------------------------------------------------------------------------------
Adam Fox                 0  0  0   1  2   2  0  3  0  2  0/0    24:50   5:39   1:28 
Ashton Sautner           0  0  0   0  0   0  0  0  0  0  0/0     5:16   0:00   0:00 
Brendan Smith            0  1  1   0  0   1  2  0  0  0  0/0    19:06   3:33   1:16 
Corey Perry              0  0  0  -1  2   4  0  3  1  0  0/2    24:06   4:14   1:24 
Curtis Lazar             0  2  2  -1  0   3  0  0  0  1  0/0    19:59   4:31   0:17 
Denis Malgin             1  0  1   2  0   1  0  1  2  0  1/3    12:40   0:52   0:25 
Dominik Simon            0  0  0   0  0   0  0  0  0  0  1/3     6:18   0:28   0:00 
Jeremy Bracco            0  1  1   2  0   0  0  4  1  0  0/0    12:24   0:53   0:00 
Jordan Oesterle          0  1  1   0  0   0  0  1  1  0  0/0    26:09   5:39   2:53 
Jordan Schroeder         1  0  1  -1  0   3  1  0  0  0  5/15   19:25   4:31   0:00 
MacKenzie Weegar         0  0  0  -1  0   0  0  0  0  1  0/0    10:51   0:00   1:25 
Matt Benning             0  0  0   0  0   1  1  1  1  0  0/0    19:22   3:33   1:16 
Matt Martin              0  0  0  -1  0   3  1  1  0  0  0/0    19:36   4:28   0:17 
Melker Karlsson          0  0  0  -2  0   0  1  1  0  0  13/29  21:47   4:16   1:29 
Michael Frolik           0  0  0  -2  0   1  2  0  2  2  3/9    25:21   4:08   2:44 
Nic Hague                0  0  0  -1  0   0  0  0  0  1  0/0     9:29   0:16   0:00 
Ryan Reaves              1  0  1   2  2   1  1  0  0  0  1/1    13:36   0:03   1:42 
Ryan Sproul              0  0  0   0  0   0  0  0  0  0  0/0     6:09   0:16   0:00 

3 Stars

1 - Bo Horvat (MON)
2 - Pierre-Luc Dubois (MON)
3 - Bryan Rust (MON)

Power Play

Maroons - 1 on 3 Attempt(s) - 33,33%
Blues - 1 on 4 Attempt(s) - 25,00%

Penalty Kill

Maroons - 3 on 4 Attempt(s) - 75,00% - Score 0 goal in Penalty Kill
Blues - 2 on 3 Attempt(s) - 66,67% - Score 0 goal in Penalty Kill

Team Stat

Maroons - Hits : 33 - Faceoff Wins : 38 - Blocked Shots : 9 - Penalty Minutes : 21
Blues - Hits : 9 - Faceoff Wins : 24 - Blocked Shots : 15 - Penalty Minutes : 6

Official

Referees : Kelly Sutherland and TJ Luxmore
Linesman : Mark Wheler and Scott Driscoll

Game Notes

14:47 of 1st period - Maroons goal is going for a video replay. After video review, Goal.
Esa Lindell ejected from game at 3:27 of 2nd period

Finance

Level 1 -- Attendance: 5012 (83,53%) -- Ticket Income 501 200 $
Level 2 -- Attendance: 4323 (86,46%) -- Ticket Income 259 380 $
Level 3 -- Attendance: 1544 (77,20%) -- Ticket Income 61 760 $
Level 4 -- Attendance: 2178 (54,45%) -- Ticket Income 65 340 $
Luxury Box -- Attendance: 659 (65,90%) -- Ticket Income 131 800 $
Game was played at the St.Louis Garden.
Total Attendance: 13716 (76,20%)
Total Ticket Income: 1 019 480 $
Other Income: 499 545 $
Total Income: 1 519 025 $

Maroons

5 vs 5 Forward 
   Center                   Left Wing                Right Wing               Time % Phy DF OF 
 1 Bo Horvat                Matthew Tkachuk          Brendan Gallagher        40     1   2  2  
 2 Pierre-Luc Dubois        Bryan Rust               Charlie Coyle            30     1   2  2  
 3 Nick Schmaltz            Cal Clutterbuck          Alexander Kerfoot        20     1   2  2  
 4 Jay Beagle               Nick Ritchie             Buddy Robinson           10     1   2  2  

5 vs 5 Defense 
   Defense                  Defense                                           Time % Phy DF OF 
 1 Esa Lindell              Jacob Trouba                                      40     1   2  2  
 2 Ryan McDonagh            Brenden Dillon                                    30     1   2  2  
 3 Carl Gunnarsson          Noah Juulsen                                      20     1   2  2  
 4 Esa Lindell              Jacob Trouba                                      10     1   2  2  

PowerPlay Forward 
   Center                   Left Wing                Right Wing               Time % Phy DF OF 
 1 Bo Horvat                Matthew Tkachuk          Brendan Gallagher        60     1   2  2  
 2 Pierre-Luc Dubois        Bryan Rust               Charlie Coyle            40     1   2  2  

PowerPlay Defense
   Defense                  Defense                                           Time % Phy DF OF 
 1 Esa Lindell              Jacob Trouba                                      60     1   2  2  
 2 Ryan McDonagh            Brenden Dillon                                    40     1   2  2  

Penalty Kill 4 Players Forward 
   Center                   Wing                     Time % Phy DF OF 
 1 Bo Horvat                Matthew Tkachuk          60     1   2  2  
 2 Brendan Gallagher        Bryan Rust               40     1   2  2  

Penalty Kill 4 Players Defense
   Defense                  Defense                  Time % Phy DF OF 
 1 Esa Lindell              Jacob Trouba             60     1   2  2  
 2 Ryan McDonagh            Brenden Dillon           40     1   2  2  

Penalty Kill - 3 Players Forward 
   Forward                                           Time % Phy DF OF 
 1 Bo Horvat                                         60     1   2  2  
 2 Matthew Tkachuk                                   40     1   2  2  

Penalty Kill - 3 Players Defense
   Defense                  Defense                  Time % Phy DF OF 
 1 Esa Lindell              Jacob Trouba             60     1   2  2  
 2 Ryan McDonagh            Brenden Dillon           40     1   2  2  

4 vs 4 Forward 
   Center                   Wing                     Time % Phy DF OF 
 1 Bo Horvat                Matthew Tkachuk          60     1   2  2  
 2 Brendan Gallagher        Bryan Rust               40     1   2  2  

4 vs 4 Defense
   Defense                  Defense                  Time % Phy DF OF 
 1 Esa Lindell              Jacob Trouba             60     1   2  2  
 2 Ryan McDonagh            Brenden Dillon           40     1   2  2  

Last Minutes Offensive
   Center                   Left Wing                Right Wing               Defense                  Defense                  
   Bo Horvat                Matthew Tkachuk          Brendan Gallagher        Esa Lindell              Jacob Trouba             

Last Minutes Defensive
   Center                   Left Wing                Right Wing               Defense                  Defense                  
   Bo Horvat                Matthew Tkachuk          Brendan Gallagher        Esa Lindell              Jacob Trouba             

Goaltenders
Starting : John Gibson              
Backup : Cam Ward                 

Extra Forwards
Normal : Pontus Aberg, Frederik Gauthier, Nick Schmaltz - PP : Pontus Aberg, Frederik Gauthier - PK : Nick Schmaltz
Extra Defensemen
Normal : Carl Gunnarsson, Noah Juulsen, Ryan McDonagh - PP : Carl Gunnarsson - PK : Noah Juulsen, Ryan McDonagh
Penalty Shots
Bo Horvat, Matthew Tkachuk, Brendan Gallagher, Bryan Rust, Pierre-Luc Dubois
Custom OT Lines Forwards
Bo Horvat, Matthew Tkachuk, Brendan Gallagher, Bryan Rust, Pierre-Luc Dubois, Charlie Coyle, Nick Schmaltz, Cal Clutterbuck, Alexander Kerfoot, Nick Ritchie
Custom OT Lines Defensemen
Esa Lindell, Jacob Trouba, Ryan McDonagh, Brenden Dillon, Carl Gunnarsson

Scratches
Rasmus Sandin (Healthy), Tobias Rieder (Healthy)

Blues

5 vs 5 Forward 
   Center                   Left Wing                Right Wing               Time % Phy DF OF 
 1 Melker Karlsson          Michael Frolik           Corey Perry              40     1   2  2  
 2 Jordan Schroeder         Matt Martin              Curtis Lazar             30     1   2  2  
 3 Denis Malgin             Ryan Reaves              Jeremy Bracco            20     1   2  2  
 4 Dominik Simon            Michael Frolik           Corey Perry              10     1   2  2  

5 vs 5 Defense 
   Defense                  Defense                                           Time % Phy DF OF 
 1 Jordan Oesterle          Adam Fox                                          40     1   2  2  
 2 Matt Benning             Brendan Smith                                     30     1   2  2  
 3 Nic Hague                MacKenzie Weegar                                  20     1   2  2  
 4 Ryan Sproul              Ashton Sautner                                    10     1   2  2  

PowerPlay Forward 
   Center                   Left Wing                Right Wing               Time % Phy DF OF 
 1 Melker Karlsson          Michael Frolik           Corey Perry              60     1   2  2  
 2 Jordan Schroeder         Matt Martin              Curtis Lazar             40     1   2  2  

PowerPlay Defense
   Defense                  Defense                                           Time % Phy DF OF 
 1 Jordan Oesterle          Adam Fox                                          60     1   2  2  
 2 Matt Benning             Brendan Smith                                     40     1   2  2  

Penalty Kill 4 Players Forward 
   Center                   Wing                     Time % Phy DF OF 
 1 Michael Frolik           Corey Perry              60     1   2  2  
 2 Melker Karlsson          Curtis Lazar             40     1   2  2  

Penalty Kill 4 Players Defense
   Defense                  Defense                  Time % Phy DF OF 
 1 Jordan Oesterle          Adam Fox                 60     1   2  2  
 2 Matt Benning             Brendan Smith            40     1   2  2  

Penalty Kill - 3 Players Forward 
   Forward                                           Time % Phy DF OF 
 1 Michael Frolik                                    60     1   2  2  
 2 Corey Perry                                       40     1   2  2  

Penalty Kill - 3 Players Defense
   Defense                  Defense                  Time % Phy DF OF 
 1 Jordan Oesterle          Adam Fox                 60     1   2  2  
 2 Matt Benning             Brendan Smith            40     1   2  2  

4 vs 4 Forward 
   Center                   Wing                     Time % Phy DF OF 
 1 Michael Frolik           Corey Perry              60     1   2  2  
 2 Melker Karlsson          Curtis Lazar             40     1   2  2  

4 vs 4 Defense
   Defense                  Defense                  Time % Phy DF OF 
 1 Jordan Oesterle          Adam Fox                 60     1   2  2  
 2 Matt Benning             Brendan Smith            40     1   2  2  

Last Minutes Offensive
   Center                   Left Wing                Right Wing               Defense                  Defense                  
   Melker Karlsson          Michael Frolik           Corey Perry              Jordan Oesterle          Adam Fox                 

Last Minutes Defensive
   Center                   Left Wing                Right Wing               Defense                  Defense                  
   Melker Karlsson          Michael Frolik           Corey Perry              Jordan Oesterle          Adam Fox                 

Goaltenders
Starting : Jonathan Quick           
Backup : Tom McCollum             

Extra Forwards
Normal : Jeremy Bracco, Denis Malgin, Ryan Reaves - PP : Jeremy Bracco, Denis Malgin - PK : Ryan Reaves
Extra Defensemen
Normal : Nic Hague, MacKenzie Weegar, Ryan Sproul - PP : Nic Hague - PK : MacKenzie Weegar, Ryan Sproul
Penalty Shots
Michael Frolik, Corey Perry, Melker Karlsson, Curtis Lazar, Jeremy Bracco
Custom OT Lines Forwards
Michael Frolik, Corey Perry, Melker Karlsson, Curtis Lazar, Jeremy Bracco, Matt Martin, Jordan Schroeder, Denis Malgin, Ryan Reaves, Dominik Simon
Custom OT Lines Defensemen
Jordan Oesterle, Adam Fox, Matt Benning, Brendan Smith, Nic Hague

Scratches
Anthony Cirelli (Healthy), David Schlemko (Healthy), Cody Eakin (Suspend), Jason Demers (Healthy), Colin White (Suspend)

% Time on Ice - Maroons

Lines # - Real PCT - Wanted PCT - Time Play
Normal Forward
1 - 33% - 40% - 15:07
2 - 29% - 30% - 13:35
3 - 22% - 20% - 10:03
4 - 16% - 10% - 7:38
Normal Defense
1 - 45% - 40% - 20:39
2 - 33% - 30% - 15:32
3 - 17% - 20% - 7:53
4 - 5% - 10% - 2:19
PP Forward
1 - 48% - 60% - 2:00
2 - 52% - 40% - 2:09
PP Defense
1 - 55% - 60% - 2:18
2 - 45% - 40% - 1:51
PK Forward
1 - 69% - 60% - 6:34
2 - 31% - 40% - 2:54
PK Defense
1 - 71% - 60% - 6:44
2 - 29% - 40% - 2:44
PK3 Forward
1 - 0% - 60%
2 - 0% - 40%
PK3 Defense
1 - 0% - 60%
2 - 0% - 40%
44 Forward
1 - 0% - 60%
2 - 0% - 40%
44 Defense
1 - 0% - 60%
2 - 0% - 40%
Last Minute Offensive  - 0:00
Last Minute Defensive  - 0:00
Total
Forward - 60:00
Defense - 60:00

% Time on Ice - Blues

Lines # - Real PCT - Wanted PCT - Time Play
Normal Forward
1 - 33% - 40% - 15:30
2 - 32% - 30% - 15:03
3 - 23% - 20% - 10:30
4 - 11% - 10% - 5:20
Normal Defense
1 - 38% - 40% - 17:30
2 - 31% - 30% - 14:17
3 - 20% - 20% - 9:20
4 - 11% - 10% - 5:16
PP Forward
1 - 52% - 60% - 4:57
2 - 48% - 40% - 4:31
PP Defense
1 - 63% - 60% - 5:55
2 - 38% - 40% - 3:33
PK Forward
1 - 93% - 60% - 3:52
2 - 7% - 40% - 0:17
PK Defense
1 - 69% - 60% - 2:53
2 - 31% - 40% - 1:16
PK3 Forward
1 - 0% - 60%
2 - 0% - 40%
PK3 Defense
1 - 0% - 60%
2 - 0% - 40%
44 Forward
1 - 0% - 60%
2 - 0% - 40%
44 Defense
1 - 0% - 60%
2 - 0% - 40%
Last Minute Offensive  - 0:00
Last Minute Defensive  - 0:00
Total
Forward - 60:00
Defense - 60:00

Play-by-Play

1st period


0:01 of 1st period - Melker Karlsson wins face-off versus Bo Horvat in neutral zone.
0:32 of 1st period - Matt Martin is hit by Pierre-Luc Dubois and loses puck.
1:54 of 1st period - Adam Fox is hit by Charlie Coyle and loses puck.
2:02 of 1st period - Icing by Denis Malgin.
2:03 of 1st period - Melker Karlsson wins face-off versus Nick Schmaltz in Blues zone.
2:26 of 1st period - Jacob Trouba is hit by Brendan Smith and loses puck.
2:57 of 1st period - Snap shot by Matt Martin.
2:57 of 1st period - Stopped by John Gibson without a rebound.
2:58 of 1st period - Bo Horvat wins face-off versus Melker Karlsson in Maroons zone.
3:09 of 1st period - Wrist shot by Matthew Tkachuk.
3:09 of 1st period - Stopped by Jonathan Quick without a rebound.
3:10 of 1st period - Melker Karlsson wins face-off versus Bo Horvat in Blues zone.
3:33 of 1st period - Icing by Melker Karlsson.
3:34 of 1st period - Pierre-Luc Dubois wins face-off versus Jordan Schroeder in Blues zone.
3:35 of 1st period - Wrist shot by Bryan Rust.
3:35 of 1st period - Stopped by Jonathan Quick without a rebound.
3:36 of 1st period - Jordan Schroeder wins face-off versus Pierre-Luc Dubois in Blues zone.
4:52 of 1st period - Snap shot by Nick Schmaltz.
4:52 of 1st period - Stopped by Jonathan Quick without a rebound.
4:53 of 1st period - Bo Horvat wins face-off versus Melker Karlsson in Blues zone.
5:04 of 1st period - Slapshot by Matthew Tkachuk.
5:04 of 1st period - Stopped by Jonathan Quick with a rebound.
5:20 of 1st period - Charlie Coyle is hit by Matt Benning and loses puck.
6:05 of 1st period - Snap shot by Matthew Tkachuk.
6:05 of 1st period - Deflect By Brendan Gallagher.
6:05 of 1st period - Stopped by Jonathan Quick without a rebound.
6:06 of 1st period - Bo Horvat wins face-off versus Melker Karlsson in Blues zone.
6:31 of 1st period - Wrist shot by Bo Horvat.
6:31 of 1st period - Stopped by Jonathan Quick without a rebound.
6:32 of 1st period - Pierre-Luc Dubois wins face-off versus Jordan Schroeder in Blues zone.
6:41 of 1st period - Slapshot by Curtis Lazar.
6:41 of 1st period - Shot Misses the Net.
6:43 of 1st period - Snap shot by Curtis Lazar.
6:43 of 1st period - Deflect By Bryan Rust.
6:43 of 1st period - Shot Blocked by Pierre-Luc Dubois.
6:43 of 1st period - Puck is out of play.
6:44 of 1st period - Pierre-Luc Dubois wins face-off versus Michael Frolik in Maroons zone.
7:10 of 1st period - Michael Frolik is hit by Jacob Trouba and loses puck.
7:32 of 1st period - Double Minor Penalty to Carl Gunnarsson for Roughing.
7:33 of 1st period - Jordan Schroeder wins face-off versus Bo Horvat in Maroons zone.
7:35 of 1st period - Snap shot by Curtis Lazar.
7:35 of 1st period - Deflect By Matt Martin.
7:35 of 1st period - Shot Misses the Net.
7:35 of 1st period - Puck is out of play.
7:36 of 1st period - Jordan Schroeder wins face-off versus Bo Horvat in Maroons zone.
7:45 of 1st period - Snap shot by Jordan Schroeder.
7:45 of 1st period - Shot Blocked by Esa Lindell.
8:03 of 1st period - Snap shot by Jordan Schroeder.
8:03 of 1st period - Goal by Jordan Schroeder - Maroons : 0 - Blues : 1.
8:04 of 1st period - Bo Horvat wins face-off versus Melker Karlsson in neutral zone.
8:07 of 1st period - Adam Fox is hit by Jacob Trouba and loses puck.
9:26 of 1st period - Matthew Tkachuk is hit by Michael Frolik and loses puck.
10:03 of 1st period - Penalty to Carl Gunnarsson is over, Carl Gunnarsson is back on ice.
11:21 of 1st period - Jordan Schroeder is hit by Jay Beagle and loses puck.
11:30 of 1st period - Carl Gunnarsson is hit by Jordan Schroeder and loses puck.
11:49 of 1st period - Snap shot by Pierre-Luc Dubois.
11:49 of 1st period - Stopped by Jonathan Quick with a rebound.
12:47 of 1st period - Icing by Ryan Sproul.
12:48 of 1st period - Charlie Coyle wins face-off versus Dominik Simon in Blues zone.
12:49 of 1st period - Slapshot by Pierre-Luc Dubois.
12:49 of 1st period - Shot Misses the Net.
12:51 of 1st period - Wrist shot by Pierre-Luc Dubois.
12:51 of 1st period - Shot Hit the Post.
12:53 of 1st period - Snap shot by Bryan Rust.
12:53 of 1st period - Stopped by Jonathan Quick with a rebound.
12:55 of 1st period - Slapshot by Esa Lindell.
12:55 of 1st period - Stopped by Jonathan Quick without a rebound.
12:56 of 1st period - Bo Horvat wins face-off versus Jordan Schroeder in Blues zone.
12:57 of 1st period - Snap shot by Matthew Tkachuk.
12:57 of 1st period - Deflect By Bo Horvat.
12:57 of 1st period - Stopped by Jonathan Quick with a rebound.
13:07 of 1st period - Slapshot by Curtis Lazar.
13:07 of 1st period - Shot Misses the Net.
13:09 of 1st period - Snap shot by Adam Fox.
13:09 of 1st period - Stopped by John Gibson without a rebound.
13:10 of 1st period - Melker Karlsson wins face-off versus Bo Horvat in Maroons zone.
13:22 of 1st period - Off-side.
13:23 of 1st period - Melker Karlsson wins face-off versus Bo Horvat in neutral zone.
13:49 of 1st period - Jordan Oesterle is hit by Esa Lindell and loses puck.
13:55 of 1st period - Off-side.
13:56 of 1st period - Pierre-Luc Dubois wins face-off versus Jordan Schroeder in neutral zone.
14:45 of 1st period - Backhand shot by Pierre-Luc Dubois.
14:45 of 1st period - Stopped by Jonathan Quick with a rebound.
14:47 of 1st period - Snap shot by Pierre-Luc Dubois.
14:47 of 1st period - Maroons goal is going for a video replay.
14:47 of 1st period - The goal is good.
14:47 of 1st period - Goal by Pierre-Luc Dubois - Maroons : 1 - Blues : 1.
14:48 of 1st period - Bo Horvat wins face-off versus Melker Karlsson in neutral zone.
15:01 of 1st period - Wrist shot by Bo Horvat.
15:01 of 1st period - Shot Blocked by Melker Karlsson.
15:22 of 1st period - Off-side.
15:23 of 1st period - Melker Karlsson wins face-off versus Bo Horvat in neutral zone.
15:26 of 1st period - Brendan Gallagher is hit by Michael Frolik and loses puck.
15:34 of 1st period - Off-side.
15:35 of 1st period - Melker Karlsson wins face-off versus Bo Horvat in neutral zone.
15:41 of 1st period - Icing by Esa Lindell.
15:42 of 1st period - Bo Horvat wins face-off versus Melker Karlsson in Maroons zone.
15:47 of 1st period - Melker Karlsson is hit by Matthew Tkachuk and loses puck.
15:52 of 1st period - Snap shot by Bo Horvat.
15:52 of 1st period - Shot Blocked by Adam Fox.
15:54 of 1st period - Snap shot by Esa Lindell.
15:54 of 1st period - Stopped by Jonathan Quick with a rebound.
15:56 of 1st period - Snap shot by Brendan Gallagher.
15:56 of 1st period - Stopped by Jonathan Quick without a rebound.
15:57 of 1st period - Pierre-Luc Dubois wins face-off versus Jordan Schroeder in Blues zone.
16:04 of 1st period - Slapshot by Curtis Lazar.
16:04 of 1st period - Shot Misses the Net.
16:06 of 1st period - Snap shot by Jordan Schroeder.
16:06 of 1st period - Stopped by John Gibson with a rebound.
16:08 of 1st period - Slapshot by Jordan Schroeder.
16:08 of 1st period - Shot Misses the Net.
16:10 of 1st period - Slapshot by Curtis Lazar.
16:10 of 1st period - Stopped by John Gibson without a rebound.
16:11 of 1st period - Bo Horvat wins face-off versus Melker Karlsson in Maroons zone.
16:43 of 1st period - Snap shot by Matt Martin.
16:43 of 1st period - Stopped by John Gibson without a rebound.
16:44 of 1st period - Melker Karlsson wins face-off versus Nick Schmaltz in Maroons zone.
17:36 of 1st period - Off-side.
17:37 of 1st period - Bo Horvat wins face-off versus Melker Karlsson in neutral zone.
18:16 of 1st period - Snap shot by Curtis Lazar.
18:16 of 1st period - Stopped by John Gibson with a rebound.
18:30 of 1st period - Snap shot by Jeremy Bracco.
18:30 of 1st period - Shot Blocked by Esa Lindell.
19:25 of 1st period - Wrist shot by Bryan Rust.
19:25 of 1st period - Goal by Bryan Rust - Maroons : 2 - Blues : 1.
19:26 of 1st period - Melker Karlsson wins face-off versus Bo Horvat in neutral zone.
19:31 of 1st period - Slapshot by Corey Perry.
19:31 of 1st period - Stopped by John Gibson with a rebound.
19:39 of 1st period - Snap shot by Corey Perry.
19:39 of 1st period - Shot Misses the Net.
19:41 of 1st period - Slapshot by Jordan Oesterle.
19:41 of 1st period - Shot Misses the Net.
19:51 of 1st period - Curtis Lazar is hit by Ryan McDonagh and loses puck.
Goals for this period are 2 for Maroons vs 1 for Blues.
Shots for this period are 15 for Maroons vs 8 for Blues.

2nd period


0:01 of 2nd period - Bo Horvat wins face-off versus Melker Karlsson in neutral zone.
0:14 of 2nd period - Wrist shot by Corey Perry.
0:14 of 2nd period - Stopped by John Gibson without a rebound.
0:15 of 2nd period - Pierre-Luc Dubois wins face-off versus Jordan Schroeder in Maroons zone.
1:06 of 2nd period - Minor Penalty to Adam Fox for Tripping.
1:07 of 2nd period - Bo Horvat wins face-off versus Michael Frolik in Blues zone.
1:20 of 2nd period - Snap shot by Matthew Tkachuk.
1:20 of 2nd period - Shot Misses the Net.
1:37 of 2nd period - Off-side.
1:38 of 2nd period - Pierre-Luc Dubois wins face-off versus Michael Frolik in neutral zone.
2:23 of 2nd period - Matt Benning is hit by Brenden Dillon and loses puck.
3:06 of 2nd period - Penalty to Adam Fox is over, Adam Fox is back on ice.
3:27 of 2nd period - Major / Game Misconduct Penalty to Esa Lindell for Spearing.
3:27 of 2nd period - Esa Lindell is ejected from game.
3:28 of 2nd period - Bo Horvat wins face-off versus Corey Perry in Maroons zone.
3:33 of 2nd period - Slapshot by Jacob Trouba.
3:33 of 2nd period - Deflect By Jordan Oesterle.
3:33 of 2nd period - Stopped by Jonathan Quick with a rebound.
4:54 of 2nd period - Slapshot by Bo Horvat.
4:54 of 2nd period - Stopped by Jonathan Quick without a rebound.
4:55 of 2nd period - Brendan Gallagher wins face-off versus Michael Frolik in Blues zone.
4:58 of 2nd period - Wrist shot by Bryan Rust.
4:58 of 2nd period - Stopped by Jonathan Quick without a rebound.
4:59 of 2nd period - Melker Karlsson wins face-off versus Brendan Gallagher in Blues zone.
4:59 of 2nd period - Melker Karlsson is hit by Jacob Trouba.
5:13 of 2nd period - Matt Martin is hit by Brendan Gallagher.
5:23 of 2nd period - Wrist shot by Curtis Lazar.
5:23 of 2nd period - Shot Blocked by Bryan Rust.
6:23 of 2nd period - Matt Martin is hit by Noah Juulsen and loses puck.
6:46 of 2nd period - Ryan McDonagh is hit by Brendan Smith and loses puck.
8:09 of 2nd period - Dominik Simon is hit by Noah Juulsen and loses puck.
8:27 of 2nd period - Penalty to Esa Lindell is over, Nick Schmaltz is send on ice.
9:22 of 2nd period - Adam Fox is hit by Nick Ritchie and loses puck.
9:37 of 2nd period - Corey Perry is hit by Bo Horvat and loses puck.
10:01 of 2nd period - Michael Frolik is hit by Noah Juulsen and loses puck.
10:48 of 2nd period - Jordan Oesterle is hit by Nick Ritchie.
11:00 of 2nd period - Melker Karlsson is hit by Jacob Trouba and loses puck.
11:11 of 2nd period - MacKenzie Weegar is hit by Bo Horvat and loses puck.
11:46 of 2nd period - Carl Gunnarsson is hit by Matt Martin and loses puck.
12:28 of 2nd period - Snap shot by Alexander Kerfoot.
12:28 of 2nd period - Stopped by Jonathan Quick with a rebound.
12:44 of 2nd period - Jeremy Bracco is hit by Pierre-Luc Dubois and loses puck.
13:25 of 2nd period - Jordan Oesterle is hit by Brenden Dillon and loses puck.
13:46 of 2nd period - Snap shot by Charlie Coyle.
13:46 of 2nd period - Stopped by Jonathan Quick with a rebound.
14:27 of 2nd period - Corey Perry is hit by Charlie Coyle and loses puck.
14:44 of 2nd period - Minor Penalty to Buddy Robinson for Interference.
14:45 of 2nd period - Jordan Schroeder wins face-off versus Bo Horvat in Maroons zone.
14:50 of 2nd period - Slapshot by Curtis Lazar.
14:50 of 2nd period - Deflect By Jordan Schroeder.
14:50 of 2nd period - Stopped by John Gibson without a rebound.
14:51 of 2nd period - Bo Horvat wins face-off versus Jordan Schroeder in Maroons zone.
14:58 of 2nd period - Wrist shot by Bo Horvat.
14:58 of 2nd period - Shot Blocked by Matt Martin.
15:37 of 2nd period - Brendan Smith is hit by Ryan McDonagh and loses puck.
16:44 of 2nd period - Penalty to Buddy Robinson is over, Buddy Robinson is back on ice.
17:56 of 2nd period - Snap shot by Ryan McDonagh.
17:56 of 2nd period - Shot Misses the Net.
17:58 of 2nd period - Snap shot by Nick Ritchie.
17:58 of 2nd period - Shot Misses the Net.
18:25 of 2nd period - Denis Malgin is hit by Cal Clutterbuck and loses puck.
18:33 of 2nd period - Off-side.
18:34 of 2nd period - Bo Horvat wins face-off versus Dominik Simon in neutral zone.
19:15 of 2nd period - Wrist shot by Bo Horvat.
19:15 of 2nd period - Shot Blocked by Jeremy Bracco.
19:17 of 2nd period - Slapshot by Jacob Trouba.
19:17 of 2nd period - Shot Blocked by Jeremy Bracco.
19:49 of 2nd period - Jordan Schroeder is hit by Buddy Robinson and loses puck.
Goals for this period are 0 for Maroons vs 0 for Blues.
Shots for this period are 5 for Maroons vs 2 for Blues.

3rd period


0:01 of 3rd period - Bo Horvat wins face-off versus Melker Karlsson in neutral zone.
0:38 of 3rd period - Icing by Brenden Dillon.
0:39 of 3rd period - Denis Malgin wins face-off versus Pierre-Luc Dubois in Maroons zone.
0:46 of 3rd period - Slapshot by Denis Malgin.
0:46 of 3rd period - Shot Blocked by Brenden Dillon.
0:48 of 3rd period - Snap shot by Jeremy Bracco.
0:48 of 3rd period - Deflect By Denis Malgin.
0:48 of 3rd period - Goal by Denis Malgin - Maroons : 2 - Blues : 2.
0:49 of 3rd period - Bo Horvat wins face-off versus Melker Karlsson in neutral zone.
1:02 of 3rd period - Snap shot by Matthew Tkachuk.
1:02 of 3rd period - Shot Blocked by Adam Fox.
1:04 of 3rd period - Slapshot by Carl Gunnarsson.
1:04 of 3rd period - Shot Blocked by Jordan Oesterle.
1:23 of 3rd period - Wrist shot by Matt Martin.
1:23 of 3rd period - Stopped by John Gibson without a rebound.
1:24 of 3rd period - Melker Karlsson wins face-off versus Bo Horvat in Maroons zone.
1:25 of 3rd period - Wrist shot by Corey Perry.
1:25 of 3rd period - Stopped by John Gibson with a rebound.
1:27 of 3rd period - Slapshot by Matt Benning.
1:27 of 3rd period - Shot Misses the Net.
1:29 of 3rd period - Snap shot by Brendan Smith.
1:29 of 3rd period - Stopped by John Gibson with a rebound.
1:31 of 3rd period - Slapshot by Matt Benning.
1:31 of 3rd period - Shot Misses the Net.
1:33 of 3rd period - Wrist shot by Michael Frolik.
1:33 of 3rd period - Stopped by John Gibson without a rebound.
1:34 of 3rd period - Bo Horvat wins face-off versus Melker Karlsson in Maroons zone.
1:58 of 3rd period - Matthew Tkachuk is hit by Melker Karlsson and loses puck.
2:03 of 3rd period - Wrist shot by Corey Perry.
2:03 of 3rd period - Stopped by John Gibson with a rebound.
2:05 of 3rd period - Snap shot by Corey Perry.
2:05 of 3rd period - Shot Misses the Net.
2:07 of 3rd period - Slapshot by Michael Frolik.
2:07 of 3rd period - Shot Blocked by Brenden Dillon.
2:09 of 3rd period - Snap shot by Matt Benning.
2:09 of 3rd period - Stopped by John Gibson without a rebound.
2:10 of 3rd period - Pierre-Luc Dubois wins face-off versus Jordan Schroeder in Maroons zone.
2:19 of 3rd period - Wrist shot by Jordan Schroeder.
2:19 of 3rd period - Shot Misses the Net.
2:21 of 3rd period - Slapshot by Jordan Schroeder.
2:21 of 3rd period - Shot Misses the Net.
2:23 of 3rd period - Wrist shot by Jordan Schroeder.
2:23 of 3rd period - Deflect By Bryan Rust.
2:23 of 3rd period - Shot Misses the Net.
2:23 of 3rd period - Puck is out of play.
2:24 of 3rd period - Pierre-Luc Dubois wins face-off versus Jordan Schroeder in Maroons zone.
2:33 of 3rd period - Snap shot by Pierre-Luc Dubois.
2:33 of 3rd period - Stopped by Jonathan Quick without a rebound.
2:34 of 3rd period - Jordan Schroeder wins face-off versus Pierre-Luc Dubois in Blues zone.
2:54 of 3rd period - Wrist shot by Charlie Coyle.
2:54 of 3rd period - Shot Misses the Net.
3:03 of 3rd period - Snap shot by Curtis Lazar.
3:03 of 3rd period - Stopped by John Gibson with a rebound.
3:05 of 3rd period - Slapshot by Adam Fox.
3:05 of 3rd period - Shot Blocked by Ryan McDonagh.
3:07 of 3rd period - Slapshot by Adam Fox.
3:07 of 3rd period - Stopped by John Gibson with a rebound.
3:09 of 3rd period - Snap shot by Adam Fox.
3:09 of 3rd period - Shot Hit the Post.
3:11 of 3rd period - Snap shot by Jordan Oesterle.
3:11 of 3rd period - Deflect By Jordan Schroeder.
3:11 of 3rd period - Shot Misses the Net.
3:11 of 3rd period - Puck is out of play.
3:12 of 3rd period - Bo Horvat wins face-off versus Melker Karlsson in Maroons zone.
3:17 of 3rd period - Corey Perry is hit by Bo Horvat.
3:38 of 3rd period - Ryan Reaves is hit by Nick Schmaltz.
5:03 of 3rd period - Snap shot by Alexander Kerfoot.
5:03 of 3rd period - Shot Misses the Net.
5:05 of 3rd period - Slapshot by Alexander Kerfoot.
5:05 of 3rd period - Shot Blocked by Corey Perry.
5:07 of 3rd period - Snap shot by Nick Schmaltz.
5:07 of 3rd period - Stopped by Jonathan Quick with a rebound.
5:09 of 3rd period - Slapshot by Ryan McDonagh.
5:09 of 3rd period - Shot Blocked by Corey Perry.
5:48 of 3rd period - Noah Juulsen is hit by Ryan Reaves.
5:54 of 3rd period - Snap shot by Pierre-Luc Dubois.
5:54 of 3rd period - Shot Blocked by Jeremy Bracco.
6:15 of 3rd period - Denis Malgin is hit by Jay Beagle and loses puck.
6:34 of 3rd period - Icing by Michael Frolik.
6:35 of 3rd period - Melker Karlsson wins face-off versus Bo Horvat in Blues zone.
6:46 of 3rd period - Adam Fox is hit by Bryan Rust and loses puck.
7:28 of 3rd period - Minor Penalty to Corey Perry for Tripping.
7:29 of 3rd period - Michael Frolik wins face-off versus Bo Horvat in Blues zone.
7:57 of 3rd period - Jordan Oesterle is hit by Pierre-Luc Dubois and loses puck.
8:39 of 3rd period - Snap shot by Ryan McDonagh.
8:39 of 3rd period - Shot Blocked by Denis Malgin.
8:41 of 3rd period - Slapshot by Ryan McDonagh.
8:41 of 3rd period - Stopped by Jonathan Quick without a rebound.
8:42 of 3rd period - Brendan Gallagher wins face-off versus Michael Frolik in Blues zone.
8:53 of 3rd period - Snap shot by Bo Horvat.
8:53 of 3rd period - Deflect By Brendan Gallagher.
8:53 of 3rd period - Shot Blocked by Adam Fox.
8:53 of 3rd period - Puck is out of play.
8:54 of 3rd period - Michael Frolik wins face-off versus Bo Horvat in Blues zone.
9:07 of 3rd period - Snap shot by Matthew Tkachuk.
9:07 of 3rd period - Stopped by Jonathan Quick with a rebound.
9:09 of 3rd period - Snap shot by Jacob Trouba.
9:09 of 3rd period - Deflect By Bo Horvat.
9:09 of 3rd period - Shot Misses the Net.
9:09 of 3rd period - Puck is out of play.
9:10 of 3rd period - Ryan Reaves wins face-off versus Bo Horvat in Blues zone.
9:28 of 3rd period - Penalty to Corey Perry is over, Corey Perry is back on ice.
9:33 of 3rd period - Slapshot by Pierre-Luc Dubois.
9:33 of 3rd period - Stopped by Jonathan Quick with a rebound.
9:35 of 3rd period - Snap shot by Bryan Rust.
9:35 of 3rd period - Shot Misses the Net.
9:37 of 3rd period - Slapshot by Charlie Coyle.
9:37 of 3rd period - Shot Misses the Net.
9:47 of 3rd period - Snap shot by Nick Ritchie.
9:47 of 3rd period - Stopped by Jonathan Quick with a rebound.
9:49 of 3rd period - Snap shot by Buddy Robinson.
9:49 of 3rd period - Shot Misses the Net.
9:51 of 3rd period - Snap shot by Nick Ritchie.
9:51 of 3rd period - Deflect By Buddy Robinson.
9:51 of 3rd period - Shot Blocked by Corey Perry.
9:51 of 3rd period - Puck is out of play.
9:52 of 3rd period - Jay Beagle wins face-off versus Jordan Schroeder in Blues zone.
9:59 of 3rd period - Snap shot by Nick Ritchie.
9:59 of 3rd period - Shot Blocked by Matt Benning.
10:07 of 3rd period - Snap shot by Jacob Trouba.
10:07 of 3rd period - Stopped by Jonathan Quick with a rebound.
10:22 of 3rd period - Snap shot by Jay Beagle.
10:22 of 3rd period - Stopped by Jonathan Quick without a rebound.
10:23 of 3rd period - Melker Karlsson wins face-off versus Bo Horvat in Blues zone.
11:09 of 3rd period - Slapshot by Jordan Oesterle.
11:09 of 3rd period - Shot Blocked by Nick Schmaltz.
11:11 of 3rd period - Snap shot by Ryan Reaves.
11:11 of 3rd period - Goal by Ryan Reaves - Maroons : 2 - Blues : 3.
11:12 of 3rd period - Michael Frolik wins face-off versus Bo Horvat in neutral zone.
12:08 of 3rd period - Wrist shot by Buddy Robinson.
12:08 of 3rd period - Stopped by Jonathan Quick without a rebound.
12:09 of 3rd period - Bo Horvat wins face-off versus Melker Karlsson in Blues zone.
12:10 of 3rd period - Snap shot by Matthew Tkachuk.
12:10 of 3rd period - Shot Misses the Net.
12:15 of 3rd period - Icing by Jordan Oesterle.
12:16 of 3rd period - Bo Horvat wins face-off versus Corey Perry in Blues zone.
13:46 of 3rd period - Brendan Smith is hit by Alexander Kerfoot and loses puck.
15:50 of 3rd period - Ryan Reaves is hit by Noah Juulsen and loses puck.
16:02 of 3rd period - Minor Penalty to Ryan Reaves for Holding.
16:03 of 3rd period - Bo Horvat wins face-off versus Michael Frolik in Blues zone.
16:07 of 3rd period - Wrist shot by Matthew Tkachuk.
16:07 of 3rd period - Stopped by Jonathan Quick with a rebound.
16:09 of 3rd period - Slapshot by Carl Gunnarsson.
16:09 of 3rd period - Stopped by Jonathan Quick with a rebound.
16:11 of 3rd period - Snap shot by Matthew Tkachuk.
16:11 of 3rd period - Shot Misses the Net.
16:13 of 3rd period - Slapshot by Carl Gunnarsson.
16:13 of 3rd period - Goal by Carl Gunnarsson - Maroons : 3 - Blues : 3.
16:14 of 3rd period - Nick Schmaltz wins face-off versus Denis Malgin in neutral zone.
16:19 of 3rd period - Wrist shot by Nick Schmaltz.
16:19 of 3rd period - Shot Blocked by Jeremy Bracco.
16:41 of 3rd period - Wrist shot by Corey Perry.
16:41 of 3rd period - Shot Blocked by Noah Juulsen.
17:03 of 3rd period - Snap shot by Bryan Rust.
17:03 of 3rd period - Shot Misses the Net.
17:05 of 3rd period - Snap shot by Bryan Rust.
17:05 of 3rd period - Shot Misses the Net.
17:07 of 3rd period - Wrist shot by Pierre-Luc Dubois.
17:07 of 3rd period - Stopped by Jonathan Quick with a rebound.
17:09 of 3rd period - Wrist shot by Charlie Coyle.
17:09 of 3rd period - Deflect By Bryan Rust.
17:09 of 3rd period - Shot Misses the Net.
17:09 of 3rd period - Puck is out of play.
17:10 of 3rd period - Nick Schmaltz wins face-off versus Denis Malgin in Blues zone.
17:13 of 3rd period - Snap shot by Alexander Kerfoot.
17:13 of 3rd period - Shot Misses the Net.
17:15 of 3rd period - Slapshot by Jacob Trouba.
17:15 of 3rd period - Shot Misses the Net.
17:17 of 3rd period - Wrist shot by Cal Clutterbuck.
17:17 of 3rd period - Shot Misses the Net.
17:19 of 3rd period - Snap shot by Nick Schmaltz.
17:19 of 3rd period - Stopped by Jonathan Quick with a rebound.
17:21 of 3rd period - Snap shot by Nick Schmaltz.
17:21 of 3rd period - Shot Misses the Net.
17:48 of 3rd period - Off-side.
17:49 of 3rd period - Dominik Simon wins face-off versus Pierre-Luc Dubois in neutral zone.
18:57 of 3rd period - Corey Perry is hit by Bo Horvat and loses puck.
19:27 of 3rd period - Icing by Melker Karlsson.
19:28 of 3rd period - Bo Horvat wins face-off versus Melker Karlsson in Blues zone.
Goals for this period are 1 for Maroons vs 2 for Blues.
Shots for this period are 14 for Maroons vs 10 for Blues.

Overtime #1


0:01 of 1st overtime period - Bo Horvat wins face-off versus Melker Karlsson in neutral zone.
0:12 of 1st overtime period - Snap shot by Bo Horvat.
0:12 of 1st overtime period - Goal by Bo Horvat - Maroons : 4 - Blues : 3.
Goals for this period are 1 for Maroons vs 0 for Blues.
Shots for this period are 1 for Maroons vs 0 for Blues.